[Event "Marshall CC FIDE Premier March 2024"]
[Site "New York"]
[Date "2024.03.03"]
[Round "4.3"]
[White "Zeltsan, Joseph"]
[Black "Dong, Kyle Qiyu"]
[Result "1-0"]
[ECO "A37"]
[WhiteElo "2419"]
[BlackElo "1966"]
[Annotator "TA"]
[PlyCount "121"]
[EventDate "2024.02.02"]
[EventType "swiss"]
[EventCountry "USA"]
[SourceTitle "playchess.com"]
[Source "ChessBase"]
[SourceQuality "1"]
[TimeControl "5400+30"]

1. Nf3 c5 2. g3 Nc6 3. c4 g6 4. Bg2 Bg7 5. O-O e6 6. Nc3 Nge7 7. e3 d5 8. cxd5 exd5 9. d4 c4 (9... cxd4 $11 10. Nxd4 O-O) 10. b3 $16 a6 {[%emt 0:07:56] White is better.} 11. bxc4 dxc4 12. Qa4 Be6 $1 13. Ng5 {[%emt 0:00:01] Hoping for Nxe6.} b5 14. Nxe6 fxe6 15. Qd1 O-O 16. Ba3 b4 {[%emt 0:06:38] [#]} 17. Qa4 Qb6 18. Bxb4 Qxb4 19. Bxc6 (19. Qxb4 {simplifies} Nxb4 20. Bxa8 Rxa8 21. Na4) 19... Nxc6 (19... Qxc3 $2 {perishes.} 20. Bxa8 (20. Rac1 Qd3 $18) 20... Rxa8 21. Rac1 $16) 20. Qxc6 Qxc3 21. Rac1 Qb2 22. Qxe6+ Kh8 {[%emt 0:00:12][%cal Of8f2] Threatens to win with ...Rxf2!} 23. Qxc4 Rab8 24. Rc2 Qb6 (24... Qb7 {keeps more tension.} 25. Rfc1 a5 26. Qc7 Qd5) 25. Rfc1 a5 26. Qc6 Qxc6 27. Rxc6 a4 28. R1c2 Ra8 29. d5 Rfd8 30. d6 Ra7 31. Rc7 Ra6 32. R2c6 Rxc6 (32... Rxd6 $2 {is the wrong capture.} 33. Rc8+ $18) 33. Rxc6 $11 {[%emt 0:00:01][%mdl 4096] Endgame. KRB-KR} Be5 34. Ra6 Rxd6 35. Rxa4 Rd2 36. h4 Rb2 37. Ra7 Kg8 38. a4 Bc3 39. Kf1 {[%emt 0:00:17] Wards off Be1} Ra2 40. Ra8+ Kf7 41. Ra7+ Kg8 42. Rc7 Ba5 43. Rc4 Kf7 44. Kg2 Be1 45. Rf4+ Ke6 46. g4 Ke5 47. g5 Ke6 48. Rf6+ Ke7 49. Kf1 Bc3 50. Rc6 Rxa4 (50... Bg7 $11) 51. Rxc3 $16 {[%emt 0:00:08] aiming for Rc7+.} Rxh4 $11 {[%emt 0:00:03] KR-KR} 52. Ke2 Rh5 53. f4 h6 54. Rc7+ Ke6 $2 {[%emt 0:00:35][%mdl 8192] [#]} (54... Kf8 $16 {is tougher.}) 55. Rg7 $1 $18 Kf5 56. Rf7+ Ke4 $2 (56... Kg4 57. Rf6 Rh2+ 58. Kd3 Kh5) 57. Re7+ Kf5 58. Re5+ Kg4 59. gxh6 {[%emt 0:00:04] Intending Rxh5 and mate.} Rxh6 60. Rg5+ Kh4 61. Kd3 {[%emt 0:00:38] Weighted Error Value: White=0.07 (flawless) /Black=0.41.  Loses game:     	---       	Black=1      Mistake:       	---       	Black=3      Inaccurate:     	White=4     	Black=3      OK:         	White=21    	Black=9      Best:        	White=6     	Black=5      Strong:       	White=1     	Black=1} 1-0

[Event "Marshall CC FIDE Premier March 2024"]
[Site "New York"]
[Date "2024.03.03"]
[Round "4.4"]
[White "Hughes, John L"]
[Black "Hyatt, Jessica"]
[Result "0-1"]
[ECO "C05"]
[WhiteElo "2190"]
[BlackElo "1885"]
[Annotator "RC"]
[PlyCount "92"]
[EventDate "2024.02.02"]
[EventType "swiss"]
[EventCountry "USA"]
[SourceTitle "playchess.com"]
[Source "ChessBase"]
[SourceQuality "1"]
[TimeControl "5400+30"]

1. e4 e6 2. d4 d5 3. Nc3 Nf6 4. e5 Nfd7 5. f4 c5 6. Nce2 cxd4 7. Nxd4 Nc6 8. Ngf3 Nc5 9. Be2 Be7 10. O-O O-O 11. Be3 Ne4 12. c3 f5 13. exf6 gxf6 14. Bd3 Nc5 15. Bc2 a5 16. Qe1 a4 17. Qh4 Rf7 18. Nxc6 bxc6 19. Nd4 Qc7 20. Rf3 Bd6 21. f5 e5 22. Ne6 Qe7 23. Raf1 e4 24. Rg3+ Kh8 25. Rg6 Bxe6 26. fxe6 Nxe6 27. Kh1 Be5 28. Bd1 f5 29. Qh3 Raf8 30. Rh6 a3 31. bxa3 Bxc3 32. Bh5 Bg7 33. Rxh7+ Kg8 34. Bxf7+ Qxf7 35. Rh5 f4 36. Qg4 d4 37. Bd2 e3 38. Bb4 c5 39. Re5 cxb4 40. Rxe6 d3 41. axb4 Qf5 42. Qxf5 Rxf5 43. Rd6 d2 44. Kg1 Bc3 45. Rd3 e2 46. Kf2 e1=Q+ 0-1

[Event "Marshall CC FIDE Premier March 2024"]
[Site "New York"]
[Date "2024.03.03"]
[Round "4.5"]
[White "Li, Michael"]
[Black "Rosenthal, Max Manuel"]
[Result "1/2-1/2"]
[ECO "C45"]
[WhiteElo "2035"]
[BlackElo "1961"]
[Annotator "RC"]
[PlyCount "217"]
[EventDate "2024.02.02"]
[EventType "swiss"]
[EventCountry "USA"]
[SourceTitle "playchess.com"]
[Source "ChessBase"]
[SourceQuality "1"]
[TimeControl "5400+30"]

1. e4 e5 2. Nf3 Nc6 3. d4 exd4 4. Nxd4 Nf6 5. Nxc6 bxc6 6. Qe2 a5 7. Nc3 Bb4 8. Bd2 O-O 9. O-O-O Re8 10. f3 Qe7 11. Qf2 Rb8 12. Bc4 d6 13. Rhe1 Be6 14. Bxe6 Qxe6 15. a3 Bc5 16. Be3 Bxe3+ 17. Qxe3 Rb7 18. b3 Nd7 19. f4 h6 20. Qd4 Reb8 21. e5 d5 22. h3 Qe7 23. Kb2 Nc5 24. Ka2 a4 25. b4 Ne6 26. Qd2 d4 27. Ne4 c5 28. Rb1 cxb4 29. axb4 Rxb4 30. f5 a3 31. Rxb4 Rxb4 32. Rb1 Rxb1 33. Kxb1 Qd7 34. Qb4 Ng5 35. Nxg5 hxg5 36. e6 fxe6 37. fxe6 Qxe6 38. Qxd4 Kf7 39. Qc5 Qe7 40. Qd5+ Kg6 41. Ka2 Qf7 42. Qxf7+ Kxf7 43. Kxa3 Kf6 44. Kb4 Kf5 45. Kc5 Kf4 46. Kc6 Kg3 47. Kxc7 Kxg2 48. c4 Kxh3 49. c5 g4 50. c6 g3 51. Kb7 g2 52. c7 g1=Q 53. c8=Q+ Qg4 54. Qc3+ Kg2 55. Qd2+ Kg3 56. Qe1+ Kf4 57. Qd2+ Kf5 58. Qd7+ Kf4 59. Qd4+ Kg3 60. Qe5+ Kh4 61. Qe1+ Kh5 62. Qe8+ g6 63. Qh8+ Kg5 64. Qd8+ Kf4 65. Qd4+ Kg3 66. Qd6+ Kh3 67. Qd3+ Kh4 68. Qe3 g5 69. Qe1+ Qg3 70. Qh1+ Kg4 71. Qe4+ Qf4 72. Qe6+ Kf3 73. Qh3+ Kf2 74. Qh8 g4 75. Qb2+ Kg3 76. Kc8 Kh3 77. Qh8+ Kg2 78. Qb2+ Qf2 79. Qb7+ Kh3 80. Qh7+ Qh4 81. Qf5 Qg3 82. Qh7+ Kg2 83. Qe4+ Qf3 84. Qc2+ Kf1 85. Qc1+ Ke2 86. Qc2+ Ke3 87. Qc3+ Ke4 88. Qc4+ Ke5 89. Qc7+ Kd4 90. Qb6+ Kc4 91. Qe6+ Kc3 92. Qe5+ Kd3 93. Qb5+ Kd2 94. Qb2+ Ke3 95. Qc3+ Kf2 96. Qd4+ Kg3 97. Qe5+ Qf4 98. Qc3+ Kh4 99. Qh8+ Kg5 100. Qg7+ Kh5 101. Qh8+ Qh6 102. Qe5+ Kg6 103. Qe6+ Kh5 104. Qe5+ Qg5 105. Qh8+ Kg6 106. Qg8+ Kf5 107. Qd5+ Kf6 108. Qd8+ Ke5 109. Kb7 1/2-1/2

[Event "Marshall CC FIDE Premier March 2024"]
[Site "New York"]
[Date "2024.03.04"]
[Round "5.1"]
[White "Hebbar, Eshaan"]
[Black "Rama, Tejas"]
[Result "1/2-1/2"]
[ECO "D41"]
[WhiteElo "2187"]
[BlackElo "2221"]
[Annotator "RC"]
[PlyCount "46"]
[EventDate "2024.02.02"]
[EventType "swiss"]
[EventCountry "USA"]
[SourceTitle "playchess.com"]
[Source "ChessBase"]
[SourceQuality "1"]
[TimeControl "5400+30"]

1. d4 Nf6 2. c4 e6 3. Nf3 d5 4. Nc3 c5 5. cxd5 Nxd5 6. e4 Nxc3 7. bxc3 cxd4 8. cxd4 Bb4+ 9. Bd2 Bxd2+ 10. Qxd2 O-O 11. Be2 b6 12. O-O Bb7 13. Qe3 Nd7 14. Rac1 Rc8 15. Rxc8 Qxc8 16. Rc1 Qb8 17. Nd2 Rc8 18. Rc3 Rxc3 19. Qxc3 Qd6 20. f3 Qc6 21. Qxc6 Bxc6 22. Kf2 Kf8 23. Ke3 Ke7 1/2-1/2

[Event "Marshall CC FIDE Premier March 2024"]
[Site "New York"]
[Date "2024.03.04"]
[Round "5.2"]
[White "Bortnyk, Mykola"]
[Black "Li, Michael"]
[Result "0-1"]
[ECO "B22"]
[WhiteElo "2453"]
[BlackElo "2035"]
[Annotator "RC"]
[PlyCount "134"]
[EventDate "2024.02.02"]
[EventType "swiss"]
[EventCountry "USA"]
[SourceTitle "playchess.com"]
[Source "ChessBase"]
[SourceQuality "1"]
[TimeControl "5400+30"]

1. e4 c5 2. c3 e5 3. Nf3 Nc6 4. Bb5 a6 5. Ba4 Bd6 6. O-O b5 7. Bc2 Nf6 8. d4 cxd4 9. cxd4 O-O 10. dxe5 Bxe5 11. Nxe5 Nxe5 12. f4 Qb6+ 13. Kh1 Neg4 14. Qe2 Bb7 15. h3 Nh6 16. e5 Rfe8 17. Nc3 Qc6 18. a3 d6 19. Rf2 Rad8 20. Bd2 d5 21. f5 d4 22. Bxh6 dxc3 23. Bg5 cxb2 24. Rb1 Qc3 25. Bxf6 gxf6 26. e6 Kh8 27. Be4 Bxe4 28. Qxe4 fxe6 29. Rbxb2 exf5 30. Qxf5 Rd1+ 31. Kh2 Qe5+ 32. Qxe5 fxe5 33. Rf6 Re1 34. Rxa6 e4 35. Rf6 e3 36. Kg3 Ra1 37. Re2 Rxa3 38. Rb6 Rb3 39. Rb7 Kg8 40. Kh4 Re5 41. Kg4 Re8 42. h4 Rb4+ 43. Kh3 h5 44. Rd7 Re5 45. g3 Rbe4 46. Kg2 Kf8 47. Kf3 Rg4 48. Rb7 b4 49. Rd7 Rf5+ 50. Kg2 Re5 51. Rh7 Kg8 52. Rb7 Kf8 53. Rd7 Rge4 54. Kf3 Rg4 55. Rh7 Kg8 56. Rc7 Kf8 57. Re1 Rf5+ 58. Kg2 Rf2+ 59. Kh3 Rf3 60. Rg1 e2 61. Rcc1 b3 62. Rce1 b2 63. Kh2 Rf2+ 64. Kh3 Rc4 65. Rb1 Rc1 66. Rgxc1 bxc1=Q 67. Rxc1 Rf1 0-1

[Event "Marshall CC FIDE Premier March 2024"]
[Site "New York"]
[Date "2024.03.04"]
[Round "5.3"]
[White "Zhu, Linxi"]
[Black "Zeltsan, Joseph"]
[Result "0-1"]
[ECO "B81"]
[WhiteElo "1981"]
[BlackElo "2419"]
[Annotator "RC"]
[PlyCount "64"]
[EventDate "2024.02.02"]
[EventType "swiss"]
[EventCountry "USA"]
[SourceTitle "playchess.com"]
[Source "ChessBase"]
[SourceQuality "1"]
[TimeControl "5400+30"]

1. e4 c5 2. Nf3 d6 3. d4 cxd4 4. Nxd4 Nf6 5. Nc3 a6 6. h3 e6 7. g4 h6 8. Bg2 Be7 9. h4 Nc6 10. g5 hxg5 11. hxg5 Rxh1+ 12. Bxh1 Nd7 13. Nxc6 bxc6 14. Qh5 g6 15. Qh8+ Nf8 16. Qh6 e5 17. Be3 Ne6 18. O-O-O Bxg5 19. Qh8+ Nf8 20. f4 Bf6 21. Qg8 Qe7 22. f5 Bg5 23. Bxg5 Qxg5+ 24. Kb1 Ke7 25. Bf3 Qf6 26. Rh1 Bb7 27. Be2 d5 28. exd5 cxd5 29. Bf3 e4 30. Bg2 Nd7 31. Qh7 gxf5 32. Rd1 Rh8 0-1

[Event "Marshall CC FIDE Premier March 2024"]
[Site "New York"]
[Date "2024.03.04"]
[Round "5.4"]
[White "Dong, Kyle Qiyu"]
[Black "Peterson, Ryan H"]
[Result "0-1"]
[ECO "A34"]
[WhiteElo "1966"]
[BlackElo "2025"]
[Annotator "RC"]
[PlyCount "106"]
[EventDate "2024.02.02"]
[EventType "swiss"]
[EventCountry "USA"]
[SourceTitle "playchess.com"]
[Source "ChessBase"]
[SourceQuality "1"]
[TimeControl "5400+30"]

1. Nf3 Nf6 2. c4 c5 3. Nc3 Nc6 4. g3 d5 5. cxd5 Nxd5 6. Bg2 Nc7 7. d3 e5 8. O-O Be7 9. b3 O-O 10. Bb2 Re8 11. Rc1 Bf8 12. a3 Nd4 13. Na4 Na6 14. Re1 Rb8 15. Nc3 Be6 16. Nxd4 exd4 17. Ne4 b5 18. Qc2 h6 19. e3 Rc8 20. Nd2 Qb6 21. Qb1 dxe3 22. fxe3 Rcd8 23. d4 Nb8 24. Kh1 Qa5 25. Ne4 cxd4 26. b4 Qa6 27. exd4 Bd5 28. Kg1 Qb7 29. Qd3 Nd7 30. Bf3 a6 31. Nd2 Nb6 32. Kf2 Rxe1 33. Rxe1 Bxf3 34. Qxf3 Qc8 35. Rc1 Qe6 36. Rc6 Rd6 37. Rc1 Na4 38. Ba1 Qa2 39. Qe3 Re6 40. Qd3 Nb6 41. Rd1 Nd5 42. Qb3 Rf6+ 43. Ke2 Re6+ 44. Kf2 Qxb3 45. Nxb3 Re3 46. Rb1 h5 47. Rb2 Bd6 48. Rb1 g5 49. Nc5 Rxa3 50. Ne4 Be7 51. Re1 Bxb4 52. Rc1 Ra2+ 53. Kf3 g4# 0-1

[Event "Marshall CC FIDE Premier March 2024"]
[Site "New York"]
[Date "2024.03.04"]
[Round "5.5"]
[White "Hoffman, Luc"]
[Black "Johnston, Daniel"]
[Result "1-0"]
[ECO "D36"]
[WhiteElo "1974"]
[BlackElo "2044"]
[Annotator "RC"]
[PlyCount "65"]
[EventDate "2024.02.02"]
[EventType "swiss"]
[EventCountry "USA"]
[SourceTitle "playchess.com"]
[Source "ChessBase"]
[SourceQuality "1"]
[TimeControl "5400+30"]

1. d4 Nf6 2. Bg5 d5 3. Nf3 e6 4. c4 Be7 5. Nc3 O-O 6. e3 Nbd7 7. cxd5 exd5 8. Qc2 c6 9. Bd3 h6 10. Bf4 Re8 11. O-O Nf8 12. h3 Ne6 13. Bh2 a5 14. Ne5 Bd6 15. Rac1 Nf8 16. f4 N6d7 17. Qf2 Qe7 18. Rce1 Bc7 19. Kh1 Nxe5 20. fxe5 b6 21. Ne2 Ba6 22. Bxa6 Rxa6 23. Nf4 g6 24. Qc2 b5 25. Nd3 Ne6 26. Rf6 Bd8 27. Ref1 Rf8 28. Nf4 Nxf4 29. Bxf4 Qb7 30. Bxh6 Bxf6 31. Rxf6 Rc8 32. e6 Kh7 33. exf7 1-0